 Dungeon Crawl Stone Soup version 0.23.2-1-ga50397a (webtiles) character file.

Game seed: 15686180870298553674

13811 dengdeng the Spear-Bearer (level 11, -15/145 HPs)
             Began as a Minotaur Berserker on May 3, 2019.
             Was a High Priest of Trog.
             Demolished by a phantasmal warrior (23 damage)
             ... led by a death knight
             ... on level 12 of the Dungeon.
             The game lasted 00:43:54 (12421 turns).

dengdeng the Spear-Bearer (Minotaur Berserker)     Turns: 12421, Time: 00:43:55

Health: -15/145    AC: 18    Str: 31    XL:     11   Next: 80%
Magic:  10/10      EV: 10    Int:  4    God:    Trog [*****.]
Gold:   438        SH:  0    Dex:  9    Spells: 10/10 levels left

rFire    . . .     SeeInvis .   L - +7 bardiche of Wecsam {flame, rPois}
rCold    . . .     Gourm    .   (shield currently unavailable)
rNeg     + . .     Faith    +   R - +0 plate armour
rPois    +         Spirit   .   (helmet restricted)
rElec    .         Reflect  .   B - +0 cloak
rCorr    .         Harm     .   Q - +0 pair of gloves
MR       .....                  (no boots)
Stlth    ..........             M - amulet of faith
HPRegen  0.34/turn              e - ring of positive energy
MPRegen  0.12/turn              g - ring of poison resistance

@: berserking (expiring), vulnerable, very quick
A: retaliatory headbutt, horns 2
a: Berserk, Trog's Hand, Brothers in Arms, Renounce Religion


You were on level 12 of the Dungeon.
You worshipped Trog.
Trog was extremely pleased with you.
You were very hungry.

You visited 1 branch of the dungeon, and saw 12 of its levels.

You collected 808 gold pieces.
You spent 370 gold pieces at shops.

Inventory:

Hand Weapons
 a - a +0 hand axe
 j - a +0 mace of protection
 A - a +0 war axe
 L - the +7 bardiche of Wecsam (weapon) {flame, rPois}
   (You bought it in a shop on level 7 of the Dungeon)

   It has been specially enchanted to burn those struck by it, causing extra
   injury to most foes and up to half again as much damage against particularly
   susceptible opponents.
   Big, fiery blades are also staple armaments of hydra-hunters.
   It protects you from poison.
 T - a +6 antimagic glaive
Missiles
 d - 346 stones
 y - 15 tomahawks
 I - 5 poisoned tomahawks
 P - 5 javelins of returning (quivered)
Armour
 B - a +0 cloak (worn)
 Q - a +0 pair of gloves (worn)
 R - a +0 plate armour (worn)
Jewellery
 e - a ring of positive energy (left hand)
 g - a ring of poison resistance (right hand)
 x - an uncursed ring of magical power
 J - an uncursed ring of protection from fire
 M - an amulet of faith (around neck)
 V - an uncursed ring of flight
Wands
 i - a wand of random effects (10)
 N - a wand of acid (8)
 U - a wand of scattershot (5)
 W - a wand of iceblast (8)
Scrolls
 b - 4 scrolls of enchant armour {unknown}
 k - 9 scrolls of identify
 l - a scroll of noise {unknown}
 m - 7 scrolls of remove curse {unknown}
 o - 4 scrolls of teleportation {unknown}
 p - 6 scrolls of amnesia {unknown}
 r - 2 scrolls of fear {unknown}
 v - 2 scrolls of blinking {unknown}
 w - 2 scrolls of magic mapping {unknown}
 F - a scroll of vulnerability {unknown}
 H - 3 scrolls of enchant weapon {unknown}
 S - a scroll of immolation {unknown}
 X - 2 scrolls of random uselessness {unknown}
Potions
 f - 2 potions of ambrosia {unknown}
 h - 2 potions of resistance {unknown}
 n - 8 potions of curing
 q - a potion of berserk rage {unknown}
 s - 5 potions of might {unknown}
 t - a potion of heal wounds {unknown}
 u - 2 potions of haste {unknown}
 z - a potion of invisibility {unknown}
 D - a potion of mutation {unknown}
 E - 2 potions of lignification {unknown}
 G - 4 potions of flight {unknown}
 K - a potion of cancellation {unknown}
 O - a potion of brilliance {unknown}
Comestibles
 c - 27 rations
 C - 12 chunks of flesh


   Skills:
 + Level 9.3 Fighting
 + Level 7.5(11.9) Axes
 + Level 5.7(7.5) Maces & Flails
 + Level 13.3(14.0) Polearms
 + Level 1.5 Throwing
 + Level 12.3 Armour
 + Level 4.4 Dodging
 + Level 2.0 Stealth


You had 10 spell levels left.
You didn't know any spells.
Your spell library was empty.

Dungeon Overview and Level Annotations

Branches:
Dungeon (12/15)            Temple (0/1) D:7            Lair (0/6) D:9
    Orc (0/2) D:10

Altars:
Cheibriados
Elyvilon
Fedhas
Gozag
Hepliaklqana
Kikubaaqudgha
Nemelex Xobeh
Okawaru
Qazlal
Wu Jian
Xom
Zin
The Shining One

Shops:
D:4 [   D:5 :   D:7 (*[

Annotations:
D:4 2 transporters


Innate Abilities, Weirdness & Mutations

You reflexively headbutt those who attack you in melee.
You have a pair of horns on your head.


Message History

You furiously retaliate!
You headbutt the phantasmal warrior!
Items here: )) [ †† a +0 giant spiked club; a +1 great sword of slicing; a +0 plate armour an ogre corpse; a human corpse Unknown command.
You fracture the bullfrog skeleton into splinters!!!
You burn the bullfrog skeleton.
You feel the power of Trog in you as your rage grows.
You destroy the bullfrog skeleton!
Trog accepts your kill.
The phantasmal warrior hits you but does no damage.
The phantasmal warrior hits you!
* * * LOW HITPOINT WARNING * * *
You slice the phantasmal warrior like a ripe choko!!!
You burn the phantasmal warrior!
You destroy the phantasmal warrior!
Trog accepts your kill.
You hear a bark!
The phantasmal warrior hits you!!
You die...

########........#..#####
#......#.####.#.......##
#.#...^#.# #.###..##.##
#. #...# #.###..##.##
#.. #...# #...........
#.<###..## #######.#.#.
#.......#### #.#.#.
#.##...W...# #.#...
###.##.##@##.# #.#...
...........# # #.....
......(.##.....!. ###..÷
.%$.###...###.#.. #.##
.## #.#? # #.## #...
#..< #.#. #### #.#. # #.
#


You could see a phantasmal warrior.

Vanquished Creatures
  A hydra (D:11)
  A death knight (D:12)
  2 two-headed ogres
  2 phantasmal warriors (D:12)
  A cyclops (D:11)
  An ugly thing (D:11)
  2 gargoyles
  A kobold demonologist (D:11)
  A freezing wraith (D:12)
  A troll (D:9)
  A wraith (D:11)
  4 wyverns
  8 yaks
  8 orc warriors
  3 sky beasts
  A phantom (D:9)
  A black bear (D:6)
  4 ice beasts
  A hornet zombie (D:10)
  2 necrophages
  9 ogres
  4 centaurs
  A crocodile (D:11)
  5 bullfrogs
  2 scorpions
  8 killer bees
  3 howler monkeys
  An electric eel (D:7)
  5 wights (D:7)
  5 crimson imps
  A quasit (D:11)
  A bullfrog zombie (D:6)
  2 centaur zombies
  10 orc priests
  3 bullfrog skeletons
  9 hounds
  6 jellies
  A centaur skeleton (D:4)
  An iguana (D:9)
  9 orc wizards
  6 worker ants
  A killer bee zombie (D:8)
  A howler monkey zombie (D:5)
  A howler monkey skeleton (D:7)
  8 gnolls
  10 adders
  A shadow imp (D:11)
  5 oozes (D:8)
  An adder skeleton (D:4)
  2 worms
  A dart slug (D:2)
  5 leopard geckos
  45 orcs
  A ball python (D:4)
  2 giant cockroaches
  9 goblins
  5 hobgoblins
  3 jackals (D:4)
  5 quokkas
  5 bats
  4 frilled lizards
  A goblin skeleton (D:4)
  2 goblin zombies (D:4)
  3 hobgoblin zombies (D:4)
  A jackal skeleton (D:9)
  7 kobolds
  2 kobold skeletons (D:4)
  2 leopard gecko skeletons
  A leopard gecko zombie (D:5)
  An orc zombie (D:4)
  2 quokka skeletons
  6 rats
281 creatures vanquished.

Vanquished Creatures (others)
  An orc wizard (D:5)
  An orc (D:7)
  A giant cockroach (D:2)
3 creatures vanquished.

Grand Total: 284 creatures vanquished

Notes
Turn   | Place    | Note
-------+----------+-------------------------------------------
     0 | D:1      | dengdeng the Minotaur Berserker began the quest for the
                  | Orb.
     0 | D:1      | Reached XP level 1. HP: 19/19 MP: 0/0
  1016 | D:1      | Reached XP level 2. HP: 24/27 MP: 1/1
  1588 | D:2      | Reached XP level 3. HP: 25/33 MP: 2/2
  1992 | D:2      | Found a white marble altar of Elyvilon.
  2135 | D:2      | Reached XP level 4. HP: 23/41 MP: 3/3
  2389 | D:2      | Found an iron altar of Okawaru.
  2392 | D:2      | Found a glowing golden altar of the Shining One.
  2667 | D:3      | Reached ** piety under Trog
  2735 | D:3      | Reached skill level 5 in Axes
  3213 | D:3      | Found a blossoming altar of Fedhas.
  3289 | D:3      | Reached XP level 5. HP: 47/47 MP: 4/4
  3400 | D:4      | Found Puenayc's Antique Armour Emporium.
  3419 | D:4      | Reached skill level 5 in Armour
  3424 | D:4      | Reached XP level 6. HP: 14/53 MP: 5/5
  3741 | D:4      | Reached skill level 1 in Maces & Flails
  4179 | D:4      | Found a hazy altar of Hepliaklqana.
  4181 | D:4      | Noticed a cyclops
  4182 | D:4      | Noticed a yak
  4183 | D:4      | Found a transporter.
  4206 | D:4      | Found a transporter.
  4293 | D:4      | Found a glowing golden altar of the Shining One.
  4314 | D:4      | Reached *** piety under Trog
  4432 | D:5      | Entered Level 5 of the Dungeon
  4432 | D:5      | Found a sparkling altar of Nemelex Xobeh.
  4440 | D:5      | Noticed an ice beast
  4452 | D:5      | Killed an ice beast
  4452 | D:5      | Reached XP level 7. HP: 60/60 MP: 6/6
  4500 | D:5      | Reached skill level 5 in Fighting
  4738 | D:5      | Reached skill level 1 in Stealth
  4819 | D:5      | Found an ancient bone altar of Kikubaaqudgha.
  4907 | D:5      | Found Imun's Book Shop.
  4985 | D:5      | Reached skill level 5 in Maces & Flails
  5066 | D:5      | Reached XP level 8. HP: 59/69 MP: 7/7
  5399 | D:6      | Found a shimmering altar of Xom.
  5467 | D:6      | Got a black opal-encrusted ring mail
  5478 | D:6      | Identified the +0 ring mail of Sunlight {Regen+} (You found
                  | it on level 6 of the Dungeon)
  5673 | D:6      | Found a snail-covered altar of Cheibriados.
  5855 | D:6      | Found a shimmering altar of Xom.
  6119 | D:7      | Found Lint's Armour Shoppe.
  6124 | D:7      | Found a staircase to the Ecumenical Temple.
  6125 | D:7      | Found Olineor's Assorted Antiques.
  6128 | D:7      | Bought a warped bardiche for 280 gold pieces
  6128 | D:7      | Identified the +7 bardiche of Wecsam {flame, rPois} (You
                  | bought it in a shop on level 7 of the Dungeon)
  6304 | D:7      | Reached **** piety under Trog
  6304 | D:7      | Reached skill level 1 in Polearms
  6426 | D:7      | Noticed a gargoyle
  6442 | D:7      | Killed a gargoyle
  6442 | D:7      | Reached skill level 3 in Polearms
  6442 | D:7      | Reached XP level 9. HP: 10/75 MP: 8/8
  6599 | D:7      | Received a gift from Trog
  6610 | D:7      | Reached skill level 4 in Polearms
  6890 | D:7      | Found a shimmering altar of Xom.
  6998 | D:7      | Found a staircase to the Ecumenical Temple.
  7003 | D:7      | Found Olineor's Assorted Antiques.
  7217 | D:7      | Found Qoux's Weapon Boutique.
  7301 | D:7      | Found a shimmering altar of Xom.
  7353 | D:7      | Found Lint's Armour Shoppe.
  7513 | D:8      | Reached skill level 5 in Polearms
  7543 | D:8      | Noticed a two-headed ogre
  7546 | D:8      | Killed a two-headed ogre
  7546 | D:8      | Reached skill level 7 in Polearms
  7546 | D:8      | Reached skill level 10 in Armour
  7716 | D:8      | Reached XP level 10. HP: 63/86 MP: 9/9
  8113 | D:8      | Reached skill level 8 in Polearms
  8405 | D:8      | Found an ornate altar of the Wu Jian Council.
  8856 | D:9      | Reached skill level 9 in Polearms
  8905 | D:9      | Found an opulent altar of Gozag.
  8918 | D:9      | Reached ***** piety under Trog
  9008 | D:9      | Found Zin's Purification Station.
  9022 | D:9      | Found a glowing silver altar of Zin.
  9035 | D:9      | Bought a potion of curing for 90 gold pieces
  9133 | D:9      | Found a stormy altar of Qazlal.
  9152 | D:9      | Found a staircase to the Lair.
  9218 | D:9      | Reached skill level 1 in Throwing
  9424 | D:10     | Entered Level 10 of the Dungeon
  9593 | D:10     | Found a staircase to the Orcish Mines.
 10121 | D:10     | Noticed a gargoyle
 10125 | D:10     | Killed a gargoyle
 10125 | D:10     | Reached skill level 10 in Polearms
 10772 | D:11     | Noticed a cyclops
 10782 | D:11     | Killed a cyclops
 10790 | D:11     | Reached XP level 11. HP: 68/94 MP: 10/10
 10796 | D:11     | Noticed a seven-headed hydra
 10805 | D:11     | Killed a seven-headed hydra
 10805 | D:11     | Reached skill level 11 in Polearms
 11227 | D:11     | Noticed a white ugly thing
 11231 | D:11     | Killed a white ugly thing
 11533 | D:11     | Noticed a two-headed ogre
 11540 | D:11     | Killed a two-headed ogre
 11540 | D:11     | Reached skill level 12 in Polearms
 11542 | D:11     | Received a gift from Trog
 12399 | D:12     | Noticed a phantasmal warrior
 12406 | D:12     | Noticed a death knight
 12408 | D:12     | Killed a phantasmal warrior
 12413 | D:12     | Killed a death knight
 12413 | D:12     | Reached skill level 13 in Polearms
 12413 | D:12     | Noticed a phantasmal warrior
 12414 | D:12     | Noticed a phantasmal warrior
 12420 | D:12     | HP: 7/145 [phantasmal warrior[a death knight] (16)]
 12421 | D:12     | Killed a phantasmal warrior
 12421 | D:12     | Demolished by a phantasmal warrior

Skill      XL: |  1  2  3  4  5  6  7  8  9 10 11 |
---------------+----------------------------------+-----
Axes           | 4 5 7 |  7.5
Fighting       | 4 5 6 7 8 9 |  9.3
Armour         | 3 4 5 6 7 9 10 11 12 | 12.3
Maces & Flails | 2 5 |  5.7
Dodging        | 3 4 |  4.4
Stealth        | 1 2 |  2.0
Polearms       | 3 7 10 13 | 13.3
Throwing       | 1 |  1.5

Action                   |  1- 3 |  4- 6 |  7- 9 | 10-12 || total
-------------------------+-------+-------+-------+-------++-------
Melee: Hand axe          |    68 |    37 |       |       ||   105
       Headbutt          |     9 |    31 |    27 |    35 ||   102
       Mace              |       |   111 |    25 |    11 ||   147
       War axe           |       |       |    61 |       ||    61
       Bardiche          |       |       |    95 |   256 ||   351
Throw: Stone             |       |     1 |       |       ||     1
       Javelin           |       |       |       |     6 ||     6
Invok: Berserk           |       |     1 |     2 |     4 ||     7
  Use: Scroll            |       |       |       |     1 ||     1
  Eat: Chunk             |     3 |     8 |    13 |    15 ||    39
       Ration            |       |       |       |     1 ||     1
Armor: Animal skin       |     5 |       |       |       ||     5
       Ring mail         |    15 |       |    15 |       ||    30
       Scale mail        |       |    97 |    25 |       ||   122
       Plate armour      |       |       |    36 |   183 ||   219
Dodge: Dodged            |    33 |   105 |   120 |   148 ||   406
